 Dungeon Crawl Stone Soup version 0.31.0-11-ge490571c62 (webtiles) character file.

Game seed: 6022103763812409809

69 Minsecho the Conjurer (level 4, -2/22 (26) HPs)
             Began as a Tengu Reaver on Feb 11, 2024.
             Succumbed to an orc priest's poison
             ... on level 3 of the Dungeon.
             The game lasted 00:02:11 (1790 turns).

Minsecho the Conjurer (Tengu Reaver)                Turns: 1790, Time: 00:02:12

HP:   -2/22 (26)    AC:  3    Str: 13    XL:     4   Next: 20%
MP:   7/8           EV: 12    Int: 13    God:
Gold: 83            SH:  0    Dex: 14    Spells: 1/7 levels left

rFire   x . .        a - +0 falchion
rCold   + . .        (no shield)
rNeg    . . .        b - +0 leather armour
rPois   .            (helmet restricted)
rElec   .            (no cloak)
rCorr   .            (no gloves)
SInv    .            (boots unavailable)
Will    .....        (no amulet)
Stlth   +            g - ring of ice
HPRegen 0.23/turn    (no ring)
MPRegen 0.11/turn

%: acrobat
@: lethally poisoned (-2 -> -20), heavily drained
A: beak, talons 3, acrobatic
a: no special abilities


You were on level 3 of the Dungeon.
You visited 1 branch of the dungeon, and saw 3 of its levels.

You collected 83 gold pieces.

Inventory:

Hand Weapons
 a - a +0 falchion (weapon)
Armour
 b - a +0 leather armour (worn)
Jewellery
 g - a ring of ice (left hand)
Wands
 e - a wand of flame (12)
 h - a wand of polymorph (8)
Scrolls
 d - a scroll of teleportation
 f - a scroll of poison {unknown}
 j - a scroll of revelation {unknown}
Potions
 i - a potion of mutation
 k - a potion of might


   Skills:
 + Level 2.3 Fighting
 + Level 4.3 Long Blades
 + Level 0.7 Armour
 + Level 2.4 Dodging
 + Level 0.3 Stealth
 + Level 2.2 Spellcasting
 + Level 4.6 Conjurations
 * Level 0.1 Translocations


You had one spell level left.
You knew the following spells:

 Your Spells              Type           Power      Damage    Failure   Level
a - Kiss of Death         Conj/Necr      28%        2d7       12%         1
b - Momentum Strike       Conj/Tloc      14%        3d8       19%         2
c - Hailstorm             Conj/Ice       11%        3d6       36%         3

Your spell library contained the following spells:

 Spells                   Type           Power      Damage    Failure   Level
 Dazzling Flash           Conj/Hex       14%        N/A       36%         3
 Blink                    Tloc           2%         N/A       41%         2
 Lesser Beckoning         Tloc           2%         N/A       41%         2
 Call Imp                 Summ           2%         N/A       43%         2
 Sublimation of Blood     Necr           1%         N/A       43%         2
 Tukima's Dance           Hex            1%         N/A       67%         3
 Volatile Blastmotes      Fire/Tloc      2%         2d10      67%         3
 Passage of Golubria      Tloc           1%         N/A       96%         4
 Yara's Violent Unravell  Hex/Alch       0%         3d3       100%        5
 Starburst                Conj/Fire      3%         6d3       100%        6
 Summon Hydra             Summ           0%         N/A       100%        7
 Maxwell's Capacitive Co  Air            0%         ∞         100%        8


Dungeon Overview and Level Annotations

Branches:
Dungeon (3/15)

Altars:


Innate Abilities, Weirdness & Mutations

You have a beak for a mouth.
You have claws for feet.
You can magically evade attacks while moving or waiting.


Message History

You swing at nothing.
The orc priest completely misses you.
You hit the orc priest but do no damage.
You claw the orc priest.
The orc priest is heavily wounded.
The orc priest hits you with a +2 short sword of venom.
You are poisoned.
The orc priest invokes the aid of Beogh against you.
Beogh smites you!
Ouch! That really hurt!
Aiming: Kiss of Death (safe; 12% risk of failure)
Press: ? - help, Q - select action, (/) - cycle Shift-Dir - straight line, f - orc priest
Aim: an orc priest, wielding a +2 short sword of venom and wearing a +0 ring mail (100% to hit)
The negative energy hits the orc priest!
The orc priest is drained!
The orc priest is severely wounded.
You feel drained.
* * * LOW HITPOINT WARNING * * *
You feel sick.
The orc priest mumbles some strange prayers to Beogh against you.
You barely resist. The orc priest misses you.
Unknown command.
You hit the orc priest.
You claw the orc priest, but do no damage.
The orc priest is almost dead.
You feel sick.
The orc priest hits you with a +2 short sword of venom.
* * * LOW HITPOINT WARNING * * *
You are more poisoned.
The orc priest casts a cantrip, but nothing happens.
Okay, then.
Okay, then.
Unknown command.
Sorry, you're not good enough to have a special ability.
Aiming: Throw Flame
Press: ? - help, Shift-Dir - straight line, f/p - orc priest
Aim: an orc priest, wielding a +2 short sword of venom and wearing a +0 ring mail (almost dead, heavily drained, 72% to hit)
The puff of flame hits the orc priest.
You kill the orc priest!
You die...

.. ..#.
########...#
#...........
#...........
#...>....#
#..@)....#
#..#o#####
###.##o..##
>.........#
.........#..#
#..........##.#
#..).......# .#
#..........# .#
#..........# .#


You could see an orc priest and an orc.

Vanquished Creatures
  An orc priest (D:3)
  Jessica (D:2)
  A dart slug (D:2)
  3 ball pythons
  4 endoplasms
  A giant cockroach (D:2)
  6 goblins
  2 hobgoblins (D:1)
  4 kobolds
  2 quokkas (D:1)
  7 bats
  6 rats
38 creatures vanquished.

Notes
Turn   | Place    | Note
-------+----------+-------------------------------------------
     0 | D:1      | Minsecho the Tengu Reaver began the quest for the Orb.
     0 | D:1      | Reached XP level 1. HP: 12/12 MP: 4/4
    69 | D:1      | Reached XP level 2. HP: 17/17 MP: 6/6
   450 | D:1      | Reached XP level 3. HP: 21/21 MP: 7/7
   610 | D:1      | Found a faded altar of an unknown god.
   906 | D:2      | Noticed Jessica
   912 | D:2      | Killed Jessica
   989 | D:2      | Reached XP level 4. HP: 23/25 MP: 8/8
   997 | D:2      | Learned a level 2 spell: Momentum Strike
  1001 | D:2      | Learned a level 3 spell: Hailstorm
  1789 | D:3      | HP: 1/22 [orc priest/+2 short sword of venom (4)]
  1790 | D:3      | Succumbed to an orc priest's poison

Illustrated notes

Levels and vault maps discovered:
D:1:      matt_arrival_debris, layout_loops_corners,
          shapermc_ecumenical_altar_pompeii
D:2:      layout_basic, uniq_jessica
D:3:      layout_rooms, serial_shops, shop, nicolae_square_shop,
          nicolae_shop_advertising_works [nicolae_subvault_shop_adworks], shop,
          shop, mainiacjoe_sewer_entry_somewhere_in_here_1,
          hellmonk_ghost_happy_afterlife

Skill      XL: |  1  2  3 |
---------------+----------+-----
Long Blades    | 4 |  4.3
Fighting       | |  2.3
Armour         | |  0.7
Dodging        | |  2.4
Stealth        | |  0.3
Spellcasting   | |  2.2
Conjurations   | |  4.6
Translocations | |  0.1

Action                     |  1- 3 |  4- 6 || total
---------------------------+-------+-------++-------
  Melee: Falchion          |    61 |    15 ||    76
         Kick              |     9 |     4 ||    13
         Peck              |     8 |     2 ||    10
   Cast: Kiss of Death     |     1 |     1 ||     2
  Evoke: Wand              |       |     1 ||     1
    Use: Scroll            |       |     3 ||     3
 Armour: Leather armour    |    28 |     7 ||    35
  Dodge: Dodged            |    71 |    11 ||    82
